 Dungeon Crawl Stone Soup version 0.17.0-9-g801d43b (console) character file.

43 gw the Chiller (level 3, -1/27 HPs)
             Began as a Hill Orc Ice Elementalist on Nov 10, 2015.
             Slain by a goblin (3 damage)
             ... led by Robin
             ... on level 2 of the Dungeon.
             The game lasted 00:01:31 (1810 turns).

gw the Chiller (Hill Orc Ice Elementalist)          Turns: 1810, Time: 00:01:31

Health: -1/27      AC:  3    Str: 10    XL:     3   Next: 58%
Magic:  0/6        EV: 12    Int: 16    God:
Gold:   29         SH:  0    Dex: 11    Spells: 3 memorised, 0 levels left

rFire  . . .     SeeInvis .     b - +0 short sword
rCold  . . .     Clarity  .     a - +0 robe
rNeg   . . .     SustAt   .     (no shield)
rPois  .         Gourm    .     (no helmet)
rElec  .         Spirit   .     (no cloak)
rCorr  .         Warding  .     f - +0 pair of gloves
rMut   .         Stasis   .     (no boots)
MR     .....                    (no amulet)
Stlth  ++........               (no ring)
                                (no ring)

@: not resistant to hostile enchantments, unstealthy
A: no striking features
a: no special abilities


You were on level 2 of the Dungeon.
You were very hungry.

You visited 1 branch of the dungeon, and saw 2 of its levels.

You collected 29 gold pieces.

Inventory:

Hand Weapons
 b - a +0 short sword (weapon)
Missiles
 e - 10 stones (quivered)
Armour
 a - a +0 robe (worn)
 f - a +0 pair of gloves (worn)
Books
 d - a book of Frost

   Spells                             Type                      Level
   a - Freeze                         Ice                          1
   b - Throw Frost                    Conjuration/Ice              2
   c - Ozocubu's Armour               Charms/Ice                   3
   d - Throw Icicle                   Conjuration/Ice              4
   e - Summon Ice Beast               Ice/Summoning                4
   f - Condensation Shield            Ice                          4
Comestibles
 c - a bread ration


   Skills:
 + Level 0.8 Fighting
 + Level 1.3 Armour
 - Level 1.5 Dodging
 - Level 1.5 Stealth
 * Level 2.1 Spellcasting
 - Level 1.0 Conjurations
 + Level 3.1 Ice Magic


You couldn't memorise any spells.
You knew the following spells:

 Your Spells              Type           Power        Failure   Level  Hunger
a - Freeze                Ice            ##..         8%          1    #......
b - Throw Frost           Conj/Ice       #.....       14%         2    ###....
c - Ozocubu's Armour      Chrm/Ice       #.......     34%         3    ###....


Dungeon Overview and Level Annotations

Branches:
Dungeon (2/15)

Altars:


Message History

Confirm with . or Enter, or press ? or * to list all spells.
Aiming: Freeze
Press: ? - help, Shift-Dir - straight line, f/p - Robin
Aim: Robin, wielding a trident, wearing an animal skin and wearing a helmet (almost dead)
You freeze Robin.
You kill Robin!
The goblin hits you with a club. The goblin misses you. The goblin hits you.
The hobgoblin hits you but does no damage.
The goblin hits you with a dagger.
Unknown command.
Unknown command.
Unknown command.
Unknown command.
Unknown command.
Unknown command.
Unknown command.
ATTACKING (-1,-1)
You closely miss the goblin. The goblin barely misses you.
The goblin hits you but does no damage. The goblin hits you.
You die...

### .g #.
#g########
#gggg.....
#go# #gg#
##g# #.#
#.# #.#
#.# #.#


You could see 2 hobgoblins and 8 goblins.

Table legend:
 A = Turns spent in this place as a percentage of turns spent in the entire game.
 B = Non-inter-level travel turns spent in this place as a percentage of non-inter-level travel turns spent in the entire game.
 C = Inter-level travel turns spent in this place as a percentage of turns spent in this place.
 D = Turns resting spent in this place as a percentage of non-inter-level travel turns spent in this place.
 E = Turns spent auto-exploring this place as a percentage of non-inter-level travel turns spent in this place.
 F = Non-inter-level travel turns spent in this place divided by the number of levels of this place that you've seen.
                   A       B       C       D       E      F
               +-------+-------+-------+-------+-------+----------------------
         Total | 100.0 | 100.0 |   0.9 |   2.5 |   1.9 | 949.5
       Dungeon | 100.0 | 100.0 |   0.9 |   2.5 |   1.9 | 949.5
               +-------+-------+-------+-------+-------+----------------------

Table legend:
 A = Kills in this place as a percentage of kills in entire the game.
 B = Kills by you in this place as a percentage of kills by you in the entire game.
 C = Kills by friends in this place as a percentage of kills by friends in the entire game.
 D = Other kills in this place as a percentage of other kills in the entire game.
 E = Experience gained in this place as a percentage of experience gained in the entire game.
 F = Experience gained in this place divided by the number of levels of this place that you have seen.
                   A       B       C       D       E      F
               +-------+-------+-------+-------+-------+----------------------
         Total | 100.0 | 100.0 |  -nan |  -nan | 100.0 |  31.0
       Dungeon | 100.0 | 100.0 |  -nan |  -nan | 100.0 |  31.0
               +-------+-------+-------+-------+-------+----------------------

Vanquished Creatures
  Robin (D:2)
  An ooze (D:1)
  A giant gecko (D:1)
  2 bats (D:1)
  A giant cockroach (D:1)
  3 goblins (D:1)
  5 hobgoblins (D:1)
  3 kobolds (D:1)
  A giant newt (D:1)
  4 jackals (D:1)
  2 rats (D:1)
24 creatures vanquished.

Notes
Turn   | Place    | Note
--------------------------------------------------------------
     0 | D:1      | gw the Hill Orc Ice Elementalist began the quest for the Orb.
     0 | D:1      | Reached XP level 1. HP: 14/14 MP: 3/3
   734 | D:1      | Reached XP level 2. HP: 20/20 MP: 2/4
   760 | D:1      | Learned a level 2 spell: Throw Frost
  1017 | D:1      | Reached skill level 1 in Armour
  1017 | D:1      | Reached skill level 3 in Ice Magic
  1196 | D:1      | Reached XP level 3. HP: 26/26 MP: 0/6
  1307 | D:1      | Learned a level 3 spell: Ozocubu's Armour
  1803 | D:2      | Noticed Robin
  1809 | D:2      | Killed Robin
  1810 | D:2      | Slain by a goblin

Action                   || total
-------------------------++-------
Melee: Unarmed           ||     2
       Short sword       ||    20
Throw: Stone             ||    23
 Cast: Freeze            ||    26
       Throw Frost       ||    12
  Eat: Chunk             ||     3

Vault maps used:
D:1:      dpeg_arrival_lava_altar
D:2:      uniq_sigmund, uniq_robin
